Map: 2000 Atmospheres LE

Players

Kelazhur - Winner!

  • Race: Terran Terran

Has

  • Race: Protoss Protoss
  • League: Diamond

Event: IEM Katowice 2022

VOD

Have the link to the VOD?

Description

Time

  • Played on: Feb. 23, 2022, 9:13 a.m.
  • Length: 14:39

All games in this series

Show
View Real Time Build Order
Export as new Build Order

Kelazhur Terran - Winner!

Build Orders:  

Get SALT Encoding   

  12  0:00  SCV  
  13  0:12  SCV  
  14  0:16  Supply Depot  
  14  0:24  SCV  
  15  0:38  SCV  
  15  0:41  Barracks  
  16  0:44  Refinery  
  16  0:50  SCV  
  16  0:53  Refinery  
  17  1:02  SCV  
  18  1:14  SCV  
  19  1:27  Reaper  
  19  1:28  Orbital Command  
  20  1:33  Supply Depot  
  20  1:42  Factory  
  20  1:55  SCV  
  20  2:00  Bunker, Reaper  
  22  2:07  SCV  
  23  2:19  SCV  
  24  2:26  Widow Mine  
  26  2:31  SCV  
  27  2:38  Starport  
  27  2:43  Supply Depot, SCV  
  28  2:49  Widow Mine  
  30  2:56  SCV  
  31  3:02  Command Center  
  31  3:08  SCV, Barracks Reactor  
  32  3:16  Widow Mine  
  32  3:17  Medivac  
  36  3:20  SCV  
  36  3:23  Supply Depot  
  37  3:34  SCV, Bunker  
  38  3:42  Factory Tech Lab  
  38  3:44  Marine x2  
  40  3:49  Bunker  
  40  3:54  SCV  
  40  4:01  Siege Tank  
  40  4:02  Marine x2  
  43  4:06  SCV  
  46  4:11  Starport Tech Lab  
  46  4:12  Barracks  
  46  4:21  Marine x2  
  48  4:24  SCV  
  49  4:32  Barracks  
  49  4:36  SCV  
  50  4:40  SCV  
  50  4:44  Marine x2, Siege Tank  
  54  4:48  SCV  
  54  4:54  Orbital Command  
  53  5:00  Starport Tech Lab, SCV  
  53  5:04  Engineering Bay  
  54  5:07  Supply Depot, Refinery  
  54  5:08  Marine  
  54  5:10  Marine  
  54  5:13  SCV  
  57  5:16  Marauder  
  57  5:20  Stimpack  
  58  5:25  SCV  
  58  5:27  SCV  
  59  5:29  Marine x2  
  61  5:35  Supply Depot  
  61  5:37  SCV  
  61  5:38  Marauder  
  61  5:41  SCV  
  61  5:42  Marauder  
  67  5:49  Starport Reactor  
  67  5:50  Supply Depot  
  67  5:51  Terran Infantry Weapons Level 1  
  67  5:54  Combat Shield  
  67  6:00  Supply Depot  
  67  6:01  SCV x2  
  67  6:04  Marine  
  70  6:11  Marine  
  70  6:12  Marauder x2  
  70  6:13  Supply Depot  
  70  6:18  SCV x2  
  76  6:22  Marine, Siege Tank  
  80  6:29  Marine  
  80  6:30  Supply Depot  
  80  6:31  Medivac x2  
  86  6:37  Marauder x2  
  86  6:39  Refinery  
  89  6:45  SCV x2  
  89  6:46  Supply Depot, Marine  
  92  6:55  Supply Depot, Marine  
  92  6:59  Marauder x2  
  92  7:01  Concussive Shells  
  97  7:02  Medivac  
  99  7:11  Supply Depot  
  99  7:15  Marine x2  
  99  7:22  Marauder x2  
  105  7:25  SCV x2  
  105  7:26  Command Center  
  108  7:37  SCV  
  108  7:39  SCV  
  108  7:40  Marine x2  
  108  7:43  Missile Turret, Marauder  
  108  7:45  Missile Turret  
  105  7:53  Missile Turret  
  102  7:59  Missile Turret  
  102  8:01  Missile Turret  
  102  8:05  Marauder  
  96  8:06  Marine x2  
  83  8:21  Marauder  
  83  8:23  Marine  
  83  8:24  Marine  
  87  8:28  SCV x2  
  89  8:37  Missile Turret, Marine  
  90  8:43  Medivac x2  
  90  8:45  Marine  
  95  8:48  SCV  
  95  8:49  SCV  
  95  8:54  Orbital Command  
  97  8:57  Marine  
  97  9:02  Terran Infantry Armor Level 1  
  98  9:04  SCV  
  98  9:06  SCV  
  100  9:16  SCV  
  101  9:18  SCV  
  101  9:20  SCV  
  101  9:22  Marauder  
  101  9:23  Marine x2  
  101  9:24  Marauder  
  109  9:28  SCV, Medivac  
  112  9:35  Orbital Command  
  112  9:40  Siege Tank  
  112  9:43  Marauder  
  115  9:46  Marine x2  
  115  9:47  Marauder  
  115  9:50  Medivac  
  121  9:58  SCV  
  123  10:02  Armory  
  123  10:05  Marine  
  123  10:06  Marine  
  126  10:07  Marauder  
  126  10:12  Siege Tank  
  126  10:13  SCV  
  127  10:24  Marauder  
  127  10:25  Orbital Command  
  122  10:28  Marauder  
  122  10:31  Marine, Orbital Command  
  123  10:41  SCV x2  
  125  10:44  Siege Tank  
  125  10:46  Marauder  
  125  10:48  Marine  
  131  10:53  SCV  
  131  10:56  Medivac, Terran Infantry Weapons Level 2  
  133  10:57  Medivac  
  133  11:03  Missile Turret, SCV  
  136  11:05  SCV  
  136  11:08  Orbital Command  
  133  11:16  Marauder  
  133  11:17  SCV  
  133  11:18  SCV, Marauder  
  120  11:22  Marine x2  
  122  11:27  Siege Tank  
  122  11:29  SCV  
  122  11:30  SCV  
  127  11:34  Orbital Command  
  127  11:37  Marauder  
  127  11:38  Liberator  
  127  11:39  Liberator  
  133  11:48  Marauder  
  131  11:55  Marine x2  
  131  11:59  Marauder  
  135  12:01  Siege Tank  
  135  12:03  SCV x2  
  135  12:05  Orbital Command  
  141  12:15  SCV, Marauder  
  141  12:19  SCV, Marine x2  
  141  12:20  Marauder  
  137  12:28  SCV  
  138  12:32  Missile Turret, SCV  
  138  12:34  SCV  
  140  12:40  Supply Depot  
  140  12:45  Supply Depot  
  140  12:49  Marine  
  141  13:01  Supply Depot, SCV x3, Marine  
  141  13:02  Marauder x2  
  134  13:23  Marauder x2  
  134  13:24  Marine x2  
  137  13:30  Medivac x2  
  137  13:33  SCV  
  137  13:34  SCV x2  
  143  13:35  Barracks  
  143  13:37  Barracks  
  142  13:44  Marine x2  
  142  13:45  SCV, Marauder x2  
  142  13:46  SCV x2  
  151  13:54  Siege Tank  
  154  14:02  Marine  
  153  14:06  Marauder  
  153  14:08  Marauder  
  153  14:12  Marine  
Show
View Real Time Build Order
Export as new Build Order

Has Protoss 

Build Orders: 1 Gate Expand, Blink Stalkers 

Get SALT Encoding   

  12  0:00  Probe  
  13  0:12  Probe  
  14  0:17  Pylon  
  14  0:24  Probe (Chrono Boost)  
  15  0:35  Gateway  
  15  0:36  Probe (Chrono Boost)  
  15  0:42  Assimilator  
  16  0:46  Probe (Chrono Boost)  
  17  0:51  Probe  
  18  1:04  Probe  
  19  1:16  Probe  
  20  1:22  Cybernetics Core  
  20  1:33  Nexus  
  20  1:34  Probe  
  21  1:42  Pylon  
  21  1:46  Probe  
  22  1:55  Assimilator  
  22  1:57  Adept (Chrono Boost)  
  22  1:59  Warp Gate (Chrono Boost)  
  24  2:02  Probe  
  25  2:15  Probe (Chrono Boost)  
  26  2:19  Stalker  
  27  2:27  Probe (Chrono Boost)  
  28  2:34  Probe (Chrono Boost)  
  29  2:41  Gateway, Probe  
  30  2:45  Gateway  
  30  2:46  Probe  
  31  2:54  Probe  
  31  2:58  Twilight Council  
  32  3:02  Probe  
  33  3:08  Stalker  
  33  3:14  Probe  
  34  3:21  Probe  
  34  3:26  Blink (Chrono Boost)  
  35  3:32  Pylon  
  35  3:41  Stalker x2  
  39  3:51  Probe  
  39  3:52  Probe  
  41  4:03  Probe  
  41  4:04  Stalker  
  44  4:10  Robotics Facility  
  44  4:14  Pylon  
  44  4:16  Probe  
  45  4:17  Probe  
  46  4:26  Pylon  
  46  4:31  Probe  
  44  4:40  Stalker x3  
  50  4:50  Probe  
  50  4:52  Probe  
  50  4:57  Observer  
  51  5:03  Probe  
  51  5:04  Probe  
  53  5:07  Adept  
  53  5:08  Adept  
  53  5:09  Pylon  
  56  5:15  Probe  
  56  5:16  Probe  
  56  5:17  Pylon  
  58  5:27  Stalker, Probe  
  58  5:28  Stalker  
  63  5:29  Probe  
  64  5:39  Probe  
  64  5:41  Probe  
  64  5:55  Dark Shrine  
  64  5:56  Pylon, Nexus  
  64  5:57  Probe  
  64  5:58  Observer  
  64  6:01  Warp Prism (Chrono Boost)  
  65  6:11  Charge (Chrono Boost)  
  67  6:12  Gateway  
  67  6:15  Gateway  
  67  6:18  Probe  
  68  6:19  Probe  
  68  6:24  Pylon  
  69  6:27  Gateway  
  69  6:31  Gateway  
  69  6:36  Shield Battery  
  69  6:39  Probe x2  
  71  6:42  Assimilator  
  71  6:53  Probe  
  72  6:55  Probe  
  72  6:56  Gateway  
  73  7:05  Probe  
  73  7:07  Probe  
  75  7:09  Dark Templar x2  
  75  7:11  Forge  
  75  7:12  Zealot x3  
  82  7:15  Probe  
  82  7:17  Probe  
  82  7:20  Observer  
  85  7:35  Zealot x3  
  85  7:36  Zealot x2  
  95  7:45  Zealot x2  
  95  7:46  Probe x2  
  95  7:55  Dark Templar x2  
  95  7:57  Probe  
  95  7:58  Probe x2  
  97  8:05  Zealot x5  
  108  8:09  Probe  
  109  8:18  Probe  
  109  8:19  Probe  
  107  8:22  Protoss Ground Weapons Level 1 (Chrono Boost)  
  107  8:25  Zealot x3  
  109  8:28  Warp Prism (Chrono Boost), Pylon  
  109  8:30  Pylon x2  
  109  8:32  Pylon  
  109  8:33  Pylon  
  109  8:45  Nexus  
  109  8:46  Pylon  
  109  8:52  Dark Templar x2  
  109  8:54  Sentry, Zealot  
  117  9:00  Archon  
  117  9:05  Zealot  
  117  9:06  Zealot x3  
  117  9:09  Probe x3  
  128  9:24  Probe x2  
  128  9:29  Probe  
  130  9:33  Zealot x8  
  130  9:36  Pylon  
  146  9:39  Pylon  
  146  9:42  Probe  
  147  9:47  Forge  
  147  9:59  Probe x2  
  149  10:01  Gateway  
  149  10:06  Probe  
  150  10:17  Zealot x7  
  150  10:18  Zealot  
  166  10:25  Probe, Protoss Ground Armor Level 1 (Chrono Boost)  
  166  10:27  Probe  
  130  10:29  Probe  
  130  10:32  Immortal (Chrono Boost)  
  135  10:38  Dark Templar x4  
  135  10:39  Zealot x4  
  151  10:44  Archon x2  
  151  10:48  Pylon, Protoss Ground Weapons Level 2 (Chrono Boost)  
  151  10:49  Shield Battery  
  151  10:55  Zealot x3  
  151  10:56  Zealot  
  157  11:04  Zealot x2  
  159  11:10  Zealot x6  
  159  11:11  Zealot  
  165  11:12  Nexus  
  139  11:24  Gateway  
  129  11:25  Zealot x2  
  129  11:27  Gateway  
  129  11:30  Observer  
  129  11:32  Zealot x6  
  142  11:33  Zealot  
  142  11:39  Probe x2  
  151  11:40  Probe  
  151  11:42  Probe  
  151  11:43  Pylon  
  152  11:53  Zealot x4  
  152  11:54  Zealot x3  
  144  11:58  Zealot x2  
  146  12:02  Probe  
  146  12:04  Probe  
  146  12:05  Probe  
  146  12:06  Probe  
  126  12:15  Zealot x4  
  126  12:16  Zealot x3  
  126  12:18  Probe  
  99  12:24  Zealot x11  
  113  12:44  Zealot x7  
  113  12:45  Zealot x3  
  132  12:55  Stalker  
  131  13:06  Stalker x3  
  131  13:07  Stalker x5  
  145  13:16  Zealot x2  
  123  13:21  Dark Templar  
  123  13:24  Zealot x6  
  127  13:27  Immortal (Chrono Boost)  
  127  13:32  Dark Templar  
  129  13:38  Zealot x3  
  125  13:46  Dark Templar  
  125  13:47  Dark Templar x2  
  131  13:57  Zealot x4  
  131  14:01  Dark Templar  
  112  14:20  Zealot x3  
  112  14:22  Zealot x3  
  112  14:23  Zealot x4  
  106  14:34  Zealot  

Tags
 
Add a new tag
Caveats
  • Supply blocks, unpowered buildings, or Contaminate may cause inaccurate times.
  • Supply counts are checked every 10 seconds.